Unix NetHack Version 5.0.0-0 post-release - last build Jun 10 2026 00:39:30 (3ee93aec679c4c4259841fe613dc97188e26a321,branch:main).

Game began 2026-07-08 21:20:13, ended 2026-07-08 21:43:54.

Anarchos, lawful female dwarven Valkyrie

  -------                                -----------      -----
  |)..!.|           --------------       |.........|      |...|
  |[[+..|           |............|       |.........|      |...|     ---------
  |*+/?.-##         |............|      #-..>......|    ##.^.`|#####..<.....|
  |*/[%.| #         |............|      #|.........|    # -.---#####|.......|
  ------- #         |............|      #--+-----|--   #########    |.......|
          #         |............|  #####        #  #  ##  ##       |.......|
          #         --.--------.--  #  `##   ###########            -------+-
          ##         ##        #    #          #  #
           #         #         #    #
           #         #         #    #
           #      ####        ########
           ####---.-----     --.--- #
              @|.......|     |....| #
              #-.......|     |....-
               |.......-     |....|
               |.......|     |....|
               |.......|     ------
               ---------

Anarchos the Skirmisher     St:18 Dx:11 Co:17 In:9 Wi:9 Ch:11  Lawful
Dlvl:4  $:55 HP:0(32) Pw:3(3) AC:6  Xp:3 T:1298  Burdened Blind

Latest messages:
 Never mind.
 You feel an unseen monster!
 You feel an unseen monster!
 You feel an unseen monster!
 You feel an unseen monster!
 You feel an unseen monster!
 You feel an unseen monster!
 You feel an unseen monster!
 You feel an unseen monster!
 You feel an unseen monster!
 You feel an unseen monster!
 You faint from lack of food.
 You regain consciousness.
 You feel an unseen monster!
 You feel an unseen monster!
 You faint from lack of food.
 You regain consciousness.
 You can hear again.
 You feel an unseen monster!
 You feel an unseen monster!
 What do you want to eat? [dhuxC or ?*] ?
 This food really hits the spot!
 You finish eating the food ration.
 You feel an unseen monster!
 You feel an unseen monster!
 You feel an unseen monster!
 It hits!
 It misses!
 You hear some noises.
 It just misses!
 You kill it!
 You hear someone cursing shoplifters.
 It bites!
 You hit it.
 It bites!
 It bites!
 You miss it.
 It bites!
 It bites!
 It bites!
 You miss it.
 You attack thin air.
 It just misses!
 It bites!
 You miss it.
 It bites!
 It bites!
 You die...
 Do you want your possessions identified? [ynq] (y) y
 Do you want to see your attributes? [ynq] (y) q

Inventory:
 Coins    ('$')
  $ - 55 gold pieces
 Weapons  (')')
  p - a +0 sling
  b - a +0 dagger (alternate weapon; not wielded)
  a - a +1 dwarvish spear (weapon in right hand)
  D - a +0 flail
 Armor    ('[')
  c - an uncursed +3 small shield (being worn)
 Comestibles  ('%')
  u - an uncursed banana
  h - an uncursed candy bar labeled "Berry Bar"
  d - 2 uncursed food rations
  x - an uncursed lembas wafer
  C - an uncursed tripe ration
 Scrolls  ('?')
  y - an uncursed scroll of amnesia
 Spellbooks  ('+')
  l - an uncursed spellbook of chain lightning
  B - an uncursed spellbook of healing
 Potions  ('!')
  z - an uncursed potion of booze
  n - an uncursed potion of gain energy
  s - 2 uncursed potions of healing
  v - a blessed potion of see invisible
  m - an uncursed potion of sickness
  t - an uncursed potion of speed
  A - a potion of holy water
  r - an uncursed potion of water
 Wands    ('/')
  i - a wand of locking (0:6)
 Gems/Stones  ('*')
  j - an uncursed worthless piece of green glass
  k - an uncursed worthless piece of orange glass
  o - a cursed loadstone

Anarchos the Valkyrie's attributes:

Background:
 You were a Skirmisher, a level 3 dwarven Valkyrie.
 You were lawful, nominally on a mission for Tyr
 who was opposed by Odin (neutral) and Loki (chaotic).
 You were right-handed.
 You were in the Dungeons of Doom, on level 4.
 You entered the dungeon 1298 turns ago.
 You had 58 experience points, 22 more were needed to attain level 4.

Basics:
 You had 0 out of 32 hit points.
 You had all 3 energy points (spell power).
 Your armor class was 6.
 Your wallet contained 55 zorkmids.
 Autopickup was on for all types.

Final Characteristics:
 Your strength was 18 (limit:18/100).
 Your dexterity was 11 (limit:20).
 Your constitution was 17 (limit:20).
 Your intelligence was 9 (limit:16).
 Your wisdom was 9 (limit:16).
 Your charisma was 11 (limit:16).

Final Status:
 You were temporarily blind.
 You weren't hungry.
 You were burdened; movement was slightly slowed.
 You were wielding a spear.
 You had basic skill with spear.

Final Attributes:
 You were devoutly aligned.
 You were cold resistant.
 You had infravision.
 You were stealthy.
 You are dead.

Miscellaneous:
 You didn't encounter any bones levels.
 Total elapsed playing time was 23 minutes and 39 seconds.

Major events:
 Turn
    1: Anarchos the lawful dwarven Valkyrie entered the dungeon
  801: attained the rank of Skirmisher (level 3)
 1298: killed by a giant bat

You didn't know any spells.

Skills:
 Fighting Skills
   bare handed combat [Unskilled]
   two weapon combat  [Unskilled]
   riding             [Unskilled]
 Weapon Skills
   dagger             [Basic]
   axe                [Unskilled]
   pick-axe           [Unskilled]
   short sword        [Unskilled]
   broadsword         [Unskilled]
   long sword         [Unskilled]
   two-handed sword   [Unskilled]
   saber              [Unskilled]
   hammer             [Unskilled]
   quarterstaff       [Unskilled]
   polearms           [Unskilled]
   spear              [Basic]
   trident            [Unskilled]
   lance              [Unskilled]
   sling              [Unskilled]
 Spellcasting Skills
   attack spells      [Unskilled]
   escape spells      [Unskilled]

Voluntary challenges:
 Character rerolling was not enabled.
 You were an atheist.
 You never genocided any monsters.
 You never polymorphed an object.
 You never changed form.
 You used no wishes.
Achievements:
 You entered a shop.
 You attained the rank of Skirmisher.

 The Dungeons of Doom: levels 1 to 4
    Level 1:
    Level 2:
       A fountain, a grave.
    Level 3:
       A general store.
    Level 4: <- You were here.
       A general store.
       Final resting place for
          you, killed by a giant bat.


Vanquished creatures:
  a shrieker
 an iguana
  a brown mold
  a green mold
  a red mold
  2 geckos
  4 jackals
  a fox
  a kobold
  a goblin
  6 grid bugs
  4 lichens
  3 newts
27 creatures vanquished.

No species were genocided or became extinct.

Game over:
                       ----------
                      /          \
                     /    REST    \
                    /      IN      \
                   /     PEACE      \
                  /                  \
                  |     Anarchos     |
                  |      55 Au       |
                  |   killed by a    |
                  |    giant bat     |
                  |                  |
                  |                  |
                  |       2026       |
                 *|     *  *  *      | *
        _________)/\\_//(\/(/\)/\//\/|_)_______

Farvel Anarchos the Valkyrie...

You died in The Dungeons of Doom on dungeon level 4 with 432 points,
and 55 pieces of gold, after 1298 moves.
You were level 3 with a maximum of 32 hit points when you died.

